 Dungeon Crawl Stone Soup version 0.26-a0-466-g989023bd0d (webtiles) character file.

Game seed: 10414524743221527985

121 vurker the Chiller (level 5, 0/34 HPs)
             Began as an Octopode Ice Elementalist on Aug 5, 2020.
             Succumbed to an adder's poison
             ... on level 3 of the Dungeon.
             The game lasted 00:03:59 (2480 turns).

vurker the Chiller (Octopode Ice Elementalist)      Turns: 2480, Time: 00:03:59

Health: 0/34       AC:  1    Str:  6 (8)  XL:     5   Next: 5%
Magic:  3/9        EV: 13    Int: 16 (18) God:
Gold:   52         SH:  0    Dex:  9 (12) Spells: 6/10 levels left

rFire    . . .     SeeInvis .   d - +0 short sword
rCold    . . .     Faith    .   (no shield)
rNeg     + . .     Spirit   .   (helmet restricted)
rPois    .         Reflect  .   (no amulet)
rElec    .         Harm     .   i - ring of positive energy
rCorr    .                      (no ring)
MR       .....                  (no ring)
Stlth    +++.......             (no ring)
HPRegen  0.11/turn              (no ring)
MPRegen  0.11/turn              (no ring)
                                (no ring)
                                (no ring)

@: lethally poisoned (0 -> -5), stab
A: almost no armour, stealthy swim, amphibious, 8 rings, constrict 8, camouflage
1, gelatinous body 1
a: no special abilities


You were on level 3 of the Dungeon.
You visited 1 branch of the dungeon, and saw 3 of its levels.

You collected 52 gold pieces.

Inventory:

Hand Weapons
 d - a +0 short sword (weapon)
   (You took it off a kobold on level 1 of the Dungeon)
Jewellery
 i - a ring of positive energy (left tentacle)
   (You found it on level 2 of the Dungeon)
 k - an uncursed ring of fire
   (You found it on level 2 of the Dungeon)
Scrolls
 b - 2 scrolls of enchant weapon {unknown}
 c - a scroll of amnesia {unknown}
 e - a scroll of magic mapping {unknown}
 f - a scroll of random uselessness {unknown}
 g - 4 scrolls of identify {unknown}
 h - a scroll of teleportation {unknown}
 j - a scroll of remove curse {unknown}
 l - a scroll of enchant armour {unknown}


   Skills:
 + Level 1.7 Fighting
 - Level 2.0 Dodging
 - Level 2.6 Stealth
 * Level 3.3 Spellcasting
 * Level 4.9 Ice Magic


You had 6 spell levels left.
You knew the following spells:

 Your Spells              Type           Power        Failure   Level
a - Freeze                Ice            ###.         2%          1
b - Frozen Ramparts       Ice            ###...       7%          3

Your spell library contained the following spells:

 Spells                   Type           Power        Failure   Level
 Ozocubu's Armour         Ice            ###.....     7%          3
 Magic Dart               Conj           #...         19%         1
 Blink                    Tloc           N/A          28%         2
 Call Imp                 Summ           #.......     28%         2
 Slow                     Hex            #.......     28%         2
 Conjure Flame            Conj/Fire      #.......     50%         3
 Mephitic Cloud           Conj/Pois/Air  #.......     50%         3
 Hailstorm                Conj/Ice       ##......     54%         4
 Summon Ice Beast         Ice/Summ       ##......     54%         4


Dungeon Overview and Level Annotations

Branches:
Dungeon (3/15)

Altars:
Elyvilon
Zin

Annotations:
D:3 1 runed translucent door


Innate Abilities, Weirdness & Mutations

You cannot wear most types of armour.
You are very stealthy in the water. (Stealth+)
You are amphibious.
You can wear up to eight rings at the same time.
You can use your tentacles to constrict eight enemies at once.
Your skin changes colour to match your surroundings (Stealth+).
Your rubbery body absorbs attacks. (AC +1, EV +1)


Message History

You freeze the adder.
The wall freezes the adder.
The adder bites you.
You are more poisoned.
The adder poisons you!
Aim: an adder (moderately wounded)
You freeze the adder.
You hear the slow rusting of a very distant drain.
You feel sick.
The wall freezes the adder.
The adder seems to slow down.
The adder bites you.
* * * LOW HITPOINT WARNING * * *
The wall freezes the adder.
The adder seems to slow down.
The adder bites you.
* * * LOW HITPOINT WARNING * * *
* * * LOW HITPOINT WARNING * * *
You feel sick.
The wall freezes the adder.
You kill the adder!
You have reached level 5!
You feel stronger.
It was a potion of degeneration.
There was something very wrong with that liquid.
You feel weakened.
You feel dopey.
You feel clumsy.
* * * LOW HITPOINT WARNING * * *
You feel sick.
Unknown command.
It was a potion of stabbing.
You feel ready to backstab.
* * * LOW HITPOINT WARNING * * *
You feel sick.
The frozen ramparts melt away.
* * * LOW HITPOINT WARNING * * *
You feel sick.
* * * LOW HITPOINT WARNING * * *
You feel sick.
You see here an adder corpse.
* * * LOW HITPOINT WARNING * * *
You feel sick.
* * * LOW HITPOINT WARNING * * *
You feel sick.
Aim: a kobold, quivering a stone (asleep)
You freeze the kobold.
You kill the kobold!
You aren't carrying any potions.
* * * LOW HITPOINT WARNING * * *
You feel sick.
* * * LOW HITPOINT WARNING * * *
You feel sick.
* * * LOW HITPOINT WARNING * * *
You feel sick.
* * * LOW HITPOINT WARNING * * *
You feel sick.
A rat comes into view.
You die...

.....................>#
.......................
......#.................
.....###.. .#......##..
#..#..#...# ..
##..#.#...## (###
#.?...... ..## .
#....?#######..##....
#.......)....@$...#
####...#........##....#
..##...?.#...(...# ...#
#........#.......# r.#
##.......#.......# ...
#........†.....## ##
#.......##.....##
#########.......#
#.(.....#


You could see a rat (asleep).

Vanquished Creatures
  Jessica (D:2)
  3 adders
  An ooze (D:1)
  A dart slug (D:1)
  A leopard gecko (D:1)
  An orc (D:3)
  5 giant cockroaches
  5 goblins
  8 hobgoblins
  3 jackals (D:3)
  4 quokkas (D:2)
  3 bats (D:1)
  9 frilled lizards
  7 kobolds
  8 rats
60 creatures vanquished.

Notes
Turn   | Place    | Note
-------+----------+-------------------------------------------
     0 | D:1      | vurker the Octopode Ice Elementalist began the quest for
                  | the Orb.
     0 | D:1      | Reached XP level 1. HP: 11/11 MP: 3/3
   370 | D:1      | Reached XP level 2. HP: 18/18 MP: 0/5
  1083 | D:1      | Reached XP level 3. HP: 22/22 MP: 6/6
  1205 | D:1      | Reached skill level 1 in Fighting
  1210 | D:1      | Learned a level 3 spell: Frozen Ramparts
  1621 | D:2      | Noticed Jessica
  1631 | D:2      | Killed Jessica
  1631 | D:2      | Reached XP level 4. HP: 21/28 MP: 4/8
  2387 | D:3      | Found a white marble altar of Elyvilon.
  2387 | D:3      | Noticed an angel
  2389 | D:3      | Found a runed translucent door.
  2425 | D:3      | Found a glowing silver altar of Zin.
  2465 | D:3      | Reached XP level 5. HP: 9/34 MP: 3/9
  2478 | D:3      | HP: 1/34 [poisoned by an adder]
  2480 | D:3      | Succumbed to an adder's poison

Illustrated notes

Levels and vault maps discovered:
D:1:      dpeg_arrival_ternary, layout_basic, serial_forest,
          infiniplex_forest_split, infiniplex_forest_clump_C,
          infiniplex_forest_clump_small, infiniplex_forest_lined_room_3,
          infiniplex_forest_lined_1, infiniplex_forest_lined_3,
          infiniplex_forest_lined_ring, infiniplex_forest_straight_3,
          infiniplex_forest_diagonal
D:2:      layout_loops_cross, uniq_jessica
D:3:      layout_rooms, lemuel_doored_altar, gup_sewer_entry_spiral,
          small_statue_intersection, lemuel_angel_altar, uniq_ijyb

Skill      XL: |  1  2  3 |
---------------+----------+-----
Fighting       | 1 |  1.7
Spellcasting   | 3 |  3.3
Dodging        | |  2.0
Stealth        | |  2.6
Ice Magic      | |  4.9

Action                   |  1- 3 |  4- 6 || total
-------------------------+-------+-------++-------
Melee: Unarmed           |    14 |       ||    14
       Constrict         |    13 |     2 ||    15
       Tentacles         |     6 |     2 ||     8
       Short sword       |    33 |    10 ||    43
 Cast: Freeze            |    21 |    18 ||    39
       Frozen Ramparts   |     2 |     4 ||     6
  Use: Potion            |       |     2 ||     2
 Stab: Sleeping          |     5 |     2 ||     7
Armor: Skin              |     5 |       ||     5
Dodge: Dodged            |    43 |    19 ||    62

Table legend: (Time is in decaauts)
 A = Elapsed time spent in this place.
 B = Non-inter-level travel time spent in this place.
 C = Inter-level travel time spent in this place.
 D = Time resting spent in this place.
 E = Time spent auto-exploring this place.
 F = Levels seen in this place.
 G = Mean time per level.
                   A        B        C        D        E       F      G
               +--------+--------+--------+--------+--------+-----+--------+
         Total |   2481 |   2442 |     39 |      0 |   2027 |   3 |  827.0 |
       Dungeon |   2481 |   2442 |     39 |      0 |   2027 |   3 |  827.0 |
               +--------+--------+--------+--------+--------+-----+--------+

Top non-repeatable levels by time:
     D:1: 1454 daAuts
     D:2: 911 daAuts
     D:3: 116 daAuts
